Map: [ESL] Dynasty

Players

trigger - Winner!

  • Race: Protoss Protoss
  • Spawn Location: 1:00

SpeCial

  • Race: Terran Terran
  • Spawn Location: 7:00

Event: ESL SC2 Masters 2024 Spring (Regional)

VOD

Have the link to the VOD?

Description

Time

  • Played on: April 14, 2024, 12:14 p.m.
  • Length: 8:14

All games in this series

Show
View Real Time Build Order
Export as new Build Order

trigger Protoss - Winner!

Build Orders: 1 Gate Expand, Blink Stalkers 

Get SALT Encoding   

  12  0:00  Probe  
  13  0:12  Probe  
  14  0:17  Pylon  
  14  0:24  Probe (Chrono Boost)  
  15  0:36  Probe (Chrono Boost)  
  15  0:38  Gateway  
  16  0:44  Probe (Chrono Boost)  
  16  0:46  Assimilator  
  17  0:50  Probe  
  18  1:03  Probe  
  19  1:15  Probe  
  20  1:25  Cybernetics Core  
  20  1:31  Nexus  
  20  1:38  Pylon  
  20  1:41  Probe  
  20  1:46  Assimilator  
  21  1:53  Probe  
  22  1:59  Adept (Chrono Boost)  
  22  2:02  Warp Gate  
  22  2:05  Shield Battery  
  22  2:08  Probe  
  25  2:20  Probe  
  25  2:21  Adept  
  28  2:32  Probe  
  28  2:36  Twilight Council  
  29  2:44  Probe x2  
  31  2:54  Stalker  
  31  2:56  Probe x2  
  35  3:03  Gateway  
  34  3:08  Probe  
  34  3:12  Probe (Chrono Boost)  
  33  3:21  Probe (Chrono Boost)  
  35  3:29  Blink (Chrono Boost), Probe (Chrono Boost)  
  35  3:31  Probe (Chrono Boost)  
  35  3:33  Pylon, Probe (Chrono Boost)  
  36  3:36  Probe  
  38  3:44  Probe  
  38  3:49  Probe  
  38  3:51  Gateway x2  
  38  3:54  Robotics Facility  
  38  3:55  Assimilator  
  39  3:57  Probe  
  40  4:03  Stalker  
  40  4:06  Probe  
  40  4:09  Pylon, Probe  
  44  4:11  Stalker  
  46  4:19  Probe  
  47  4:25  Pylon  
  47  4:35  Stalker x2  
  47  4:37  Probe  
  52  4:43  Warp Prism (Chrono Boost)  
  52  4:45  Probe  
  51  4:52  Stalker x2  
  57  5:03  Nexus  
  55  5:11  Observer (Chrono Boost)  
  55  5:16  Stalker x3  
  55  5:17  Stalker  
  55  5:19  Probe  
  63  5:26  Observer (Chrono Boost)  
  63  5:32  Pylon  
  63  5:33  Gateway  
  63  5:35  Gateway  
  64  5:39  Probe x2  
  65  5:44  Stalker x2  
  69  5:51  Probe  
  69  5:54  Charge (Chrono Boost)  
  70  5:57  Probe  
  70  6:03  Probe  
  70  6:04  Forge, Gateway  
  72  6:10  Zealot x2  
  72  6:11  Zealot  
  78  6:18  Zealot  
  80  6:31  Stalker x3  
  80  6:32  Immortal (Chrono Boost)  
  88  6:40  Zealot x2  
  92  6:47  Pylon  
  92  6:49  Pylon  
  84  6:56  Shield Battery  
  84  7:04  Zealot  
  84  7:05  Zealot x4  
  91  7:10  Pylon  
  87  7:20  Zealot  
  79  7:25  Probe (Chrono Boost)  
  70  7:32  Probe x2 (Chrono Boost)  
  67  7:42  Probe x2 (Chrono Boost)  
  67  7:43  Probe (Chrono Boost)  
  69  7:47  Probe (Chrono Boost)  
  69  7:48  Probe  
  75  7:52  Stalker x5  
  75  7:57  Zealot x2  
Show
View Real Time Build Order
Export as new Build Order

SpeCial Terran 

Build Orders:  

Get SALT Encoding   

  12  0:00  SCV  
  13  0:12  SCV  
  14  0:16  Supply Depot  
  14  0:24  SCV  
  15  0:38  SCV  
  15  0:39  Barracks  
  16  0:42  Refinery  
  16  0:50  SCV  
  17  0:58  Barracks  
  17  1:02  SCV  
  18  1:11  Supply Depot  
  18  1:14  SCV  
  19  1:26  Reaper  
  19  1:31  Orbital Command  
  20  1:45  Reaper  
  21  1:57  SCV  
  22  2:02  Reaper  
  23  2:09  SCV  
  24  2:15  Command Center  
  24  2:19  Marine  
  24  2:21  SCV  
  26  2:22  Refinery  
  26  2:33  SCV  
  26  2:34  Marine  
  28  2:42  Factory  
  28  2:45  Supply Depot  
  28  2:46  SCV  
  29  2:56  Barracks Reactor  
  29  2:58  SCV  
  30  2:59  Barracks Tech Lab  
  30  3:10  SCV  
  30  3:21  Marine  
  30  3:22  SCV  
  32  3:30  Orbital Command  
  32  3:31  Cyclone  
  32  3:32  Starport  
  33  3:34  SCV, Marine  
  35  3:46  SCV, Marauder  
  37  3:48  Combat Shield  
  37  3:53  Marine  
  37  3:55  Marine  
  38  3:56  SCV  
  38  3:58  SCV  
  41  4:05  Factory Tech Lab  
  41  4:08  SCV  
  41  4:09  Marauder  
  44  4:10  SCV  
  44  4:11  Marine  
  44  4:13  Marine  
  44  4:16  Refinery  
  47  4:18  Supply Depot  
  47  4:20  SCV  
  47  4:22  SCV, Liberator  
  50  4:33  SCV  
  50  4:34  SCV, Marine x2  
  54  4:39  Marine  
  54  4:45  SCV  
  52  4:47  Siege Tank  
  52  4:48  SCV  
  56  4:57  SCV, Supply Depot  
  56  4:59  Marine  
  56  5:00  SCV  
  55  5:08  Marine x2  
  55  5:09  SCV  
  55  5:12  SCV  
  56  5:17  Marine  
  58  5:21  SCV  
  58  5:23  Siege Tank  
  58  5:24  SCV  
  58  5:25  Marine  
  58  5:26  Marine  
  62  5:33  SCV  
  62  5:34  Medivac  
  62  5:35  Marine  
  64  5:36  SCV  
  63  5:43  Marine  
  63  5:45  SCV  
  63  5:46  Stimpack, Marauder  
  63  5:48  SCV  
  68  5:51  Barracks  
  68  5:53  Marine  
  68  5:54  Supply Depot  
  68  5:57  SCV  
  68  6:00  SCV  
  68  6:02  Siege Tank, Supply Depot, Marine  
  74  6:09  SCV  
  72  6:13  SCV, Marine x2  
  73  6:21  SCV  
  73  6:25  SCV, Marine  
  75  6:28  Medivac  
  75  6:31  Marine  
  75  6:32  Marauder  
  81  6:34  SCV  
  79  6:41  Siege Tank  
  82  6:51  SCV  
  82  6:54  Marine x2  
  84  7:03  SCV  
  84  7:06  Marine x2  
  86  7:13  Siege Tank  
  86  7:15  SCV  
  90  7:19  SCV  
  90  7:22  Marine  
  82  7:27  SCV  
  69  7:31  SCV, Medivac  
  69  7:37  Marine x3  
  63  7:39  SCV  
  63  7:40  Marine  
  68  7:48  Barracks  
  68  7:50  Barracks  
  68  7:54  Marine x2  
  68  7:55  Marine  
Tags
 
Add a new tag
Caveats
  • Supply blocks, unpowered buildings, or Contaminate may cause inaccurate times.
  • Supply counts are checked every 10 seconds.